 Dungeon Sprint DCSS version 0.30-a0-696-g2367cd04db (webtiles) character file.

Game seed: 10091722162582853600

19143 mhtbhm the Metallomancer (level 12, -11/66 HPs)
             Began as a Gargoyle Earth Elementalist on Jan 21, 2023.
             Was the Champion of Vehumet.
             Hit by a large rock thrown by a stone giant (42 damage)
             ... in the Dungeon (Sprint IX: "|||||||||||||||||||||||||||||").
             The game lasted 00:12:14 (2731 turns).

mhtbhm the Metallomancer (GrEE)                     Turns: 2731, Time: 00:12:14

Health: -11/66     AC: 16    Str: 16    XL:     12   Next: 65%
Magic:  5/34       EV: 13    Int: 20    God:    Vehumet [******]
Gold:   178        SH:  0    Dex: 10    Spells: 23/48 levels left

rFire   . . .      SeeInvis .    l - +2 dire flail (protect)
rCold   . . .      Faith    .    (shield currently unavailable)
rNeg    + . .      Spirit   .    a - +0 robe
rPois   ∞          Reflect  .    j - +0 helmet
rElec   +          Harm     .    k - +0 cloak
rCorr   .          Rampage  .    v - +0 pair of gloves
Will    .....      NoTele   +    w - +0 pair of boots
Stlth   +++                      (no amulet)
HPRegen 0.31/turn                m - +3 ring of strength
MPRegen 0.24/turn                n - +2 ring of protection

@: no status effects
A: sickness immunity, AC +8, negative energy resistance 1, electricity
resistance, torment resistance 1, petrification resistance
a: Renounce Religion


You were in the Dungeon.
You worshipped Vehumet.
Vehumet was exalted by your worship.
You visited 1 branch You collected 1939 gold pieces.
You spent 1761 gold pieces at shops.

Inventory:

Hand Weapons
 l - a +2 dire flail of protection (weapon)
Armour
 a - a +0 robe (worn)
 j - a +0 helmet (worn)
 k - a +0 cloak (worn)
 v - a +0 pair of gloves (worn)
 w - a +0 pair of boots (worn)
Jewellery
 m - a +3 ring of strength (left hand)
 n - a +2 ring of protection (right hand)
 s - a ring of willpower
 u - a ring of fire
 A - a ring of willpower
Wands
 p - a wand of roots (6)
Scrolls
 g - a scroll of blinking
 h - 4 scrolls of amnesia
 r - 4 scrolls of enchant armour
 t - 2 scrolls of enchant weapon
 x - 3 scrolls of fog
 y - a scroll of brand weapon
 z - a scroll of immolation
 C - 4 scrolls of identify
Potions
 b - 4 potions of magic
 c - 6 potions of curing
 d - 12 potions of heal wounds
 e - a potion of invisibility
 f - 2 potions of berserk rage
 i - a potion of cancellation
 o - a potion of mutation
 B - a potion of brilliance
Miscellaneous
 q - a condenser vane


   Skills:
 + Level 4.1 Fighting
 + Level 6.4 Dodging
 + Level 6.5 Stealth
 + Level 18.7 Spellcasting
 + Level 9.7 Conjurations
 + Level 0.8 Transmutations
 + Level 23.4 Earth Magic
 + Level 6.8 Evocations


You had 23 spell levels left.
You knew the following spells:

 Your Spells              Type           Power      Damage    Failure   Level
a - Sandblast             Erth           100%       2d20      0%          1
b - Passwall              Tmut/Erth      50%        N/A       1%          2
c - Stone Arrow           Conj/Erth      100%       3d13      0%          3
d - Petrify               Tmut/Erth      61%        N/A       1%          4
e - Lee's Rapid Deconstr  Erth           42%        3d20*     0%          5
f - Spellforged Servitor  Conj/Summ      19%        N/A       58%         7
g - Mephitic Cloud        Conj/Pois/Air  31%        N/A       1%          3

Your spell library contained the following spells:

 Spells                   Type           Power      Damage    Failure   Level
 Iron Shot                Conj/Erth      35%        9d7       1%          6
 Poisonous Vapours        Pois/Air       36%        N/A       1%          2
 Wereblood                Tmut           22%        N/A       3%          2
 Spider Form              Tmut/Pois      20%        N/A       7%          3
 Portal Projectile        Hex/Tloc       36%        N/A       9%          3
 Tukima's Dance           Hex            18%        N/A       9%          3
 Blade Hands              Tmut           11%        N/A       50%         5
 Dragon Form              Tmut           11%        N/A       100%        7
 Disjunction              Tloc           9%         N/A       100%        8
 Cigotuvi's Dreadful Rot  Necr/Pois/Air  Unusable   N/A       N/A         2

Dungeon Overview and Level Annotations

Branches:
Dungeon (1/1)

Altars:
Cheibriados
Dithmenos
Elyvilon
Fedhas
Gozag
Hepliaklqana
Kikubaaqudgha
Makhleb
Nemelex Xobeh
Okawaru
Qazlal
Ru
Sif Muna
Trog
Uskayaw
Vehumet
Wu Jian
Xom
Yredelemnul
Zin
The Shining One
Jiyva
Lugonu

Shops:
D :*?[


Innate Abilities, Weirdness & Mutations

You are immune to sickness and miasma.
Your stone body is resilient. (AC +8)
You are immune to poison.
You resist negative energy. (rN+)
You are resistant to electric shocks. (rElec)
You are resistant to unholy torment.
You are immune to petrification.


Message History

Press: ? - help, Dir - move target An unnaturally hard rock wall.
The wall shatters!
The blast of rock fragments hits the stone giant!!
The stone giant is moderately wounded.
The stone giant shouts!
The stone giant throws a large rock.
The large rock hits you!!
Unknown command.
Casting: Lee's Rapid Deconstruction (safe; 0% risk of failure)
Confirm with . or Enter, or press ? or * to list all spells.
Aiming: Lee's Rapid Deconstruction (safe; 0% risk of failure)
Press: ? - help, Dir - move target An unnaturally hard rock wall.
The wall shatters!
The blast of rock fragments hits the stone giant!!
The stone giant is heavily wounded.
The stone giant throws a large rock.
The large rock hits you!
Unknown command.
Unknown command.
Casting: Lee's Rapid Deconstruction (safe; 0% risk of failure)
Confirm with . or Enter, or press ? or * to list all spells.
Aiming: Lee's Rapid Deconstruction (safe; 0% risk of failure)
Press: ? - help, Dir - move target An unnaturally hard rock wall.
The wall shatters!
The blast of rock fragments hits the stone giant!!
The stone giant is severely wounded.
The stone giant throws a large rock.
The large rock misses you.
Unknown command.
Unknown command.
Unknown command.
Casting: Lee's Rapid Deconstruction (safe; 0% risk of failure)
Confirm with . or Enter, or press ? or * to list all spells.
You don't have enough magic to cast this spell.
Aiming: Fastroot
Press: ? - help, Shift-Dir - straight line, f - you The roots erupt in riotous growth!
The stone giant throws a large rock.
The large rock hits you!!!
Ouch! That really hurt!
You die...

÷÷.÷'÷.÷......'.....÷.÷.....'....
▓▓▓▓▓▓▓▓▓▓▓▓▓▓▓▓▓▓▓▓▓▓▓▓▓▓▓▓▓▓▓▓▓
.................................
▓▓▓▓▓▓▓▓▓▓▓▓▓▓▓▓▓▓▓▓▓▓▓▓▓▓▓▓▓▓▓▓▓
..).)))))....).).)))).'......)...
▓▓▓▓▓▓▓▓▓▓▓▓▓▓▓▓▓▓▓▓▓▓▓▓▓▓▓▓▓▓▓▓▓
.................................
▓▓▓▓▓▓▓▓▓▓▓▓▓▓▓▓▓▓▓▓▓▓▓▓▓▓▓▓▓▓▓▓▓
....[[[[[C[[†))(@)))[...=.'......
▓▓▓▓▓▓▓▓▓▓▓▓▓▓▓▓▓▓▓▓▓▓▓▓▓▓▓▓▓▓▓▓▓
,,,,,,,,,,,,,,,,,,,,,,,,,,,,,,,,,
*********************************
+,,,,,,,,,+,,,,,,,,,+,,,,,,,,,,,,
*********************************
,,,,,,,,,,,,,,,,,,,,,,,,,,,,,,,,,
*********************************
,,,,,,,,,,,,,,,,,,+,,,,,,,,,,,,,,


You could see a stone giant.

Vanquished Creatures
  Gastronok (D)
  A stone giant (D)
  A hydra (D)
  An ogre mage (D)
  A catoblepas (D)
  2 boulder beetles (D)
  4 orc high priests (D)
  4 lindwurms (D)
  A deep elf pyromancer (D)
  An orc sorcerer (D)
  3 orc knights (D)
  A cyclops (D)
  An ugly thing (D)
  2 manticores (D)
  2 black mambas (D)
  2 cane toads (D)
  An efreet (D)
  2 unseen horrors (D)
  5 komodo dragons (D)
  A tengu conjurer (D)
  A tyrant leech (D)
  A troll (D)
  A wyvern (D)
  A slime creature (D)
  A vampire (D)
  4 yaks (D)
  A basilisk (D)
  A vampire mosquito (D)
  An acid dragon (D)
  A water moccasin (D)
  An ice beast (D)
  9 orc warriors (D)
  A wolf (D)
  A centaur (D)
  2 bullfrogs (D)
  6 orc priests (D)
  2 jellies (D)
  3 orc wizards (D)
  3 worms (D)
  12 orcs (D)
  2 bats (D)
  An endoplasm (D)
  A quokka (D)
  A ball python (D)
  A frilled lizard (D)
96 creatures vanquished.

Vanquished Creatures (collateral kills)
  An orc wizard (D)
1 creature vanquished.

Grand Total: 97 creatures vanquished

Notes
Turn   | Place    | Note
-------+----------+-------------------------------------------
     0 | D        | mhtbhm the Gargoyle Earth Elementalist began the quest for
                  | the Orb.
     0 | D        | Reached XP level 1. HP: 10/10 MP: 3/3
     5 | D        | Reached skill level 4 in Earth Magic
    76 | D        | Noticed an ice beast
    76 | D        | Noticed a jelly
    76 | D        | Noticed a jelly
    87 | D        | Killed a jelly
    88 | D        | Reached skill level 6 in Earth Magic
    88 | D        | Reached XP level 2. HP: 15/15 MP: 1/7
    88 | D        | Reached XP level 3. HP: 19/19 MP: 1/8
    93 | D        | Reached skill level 7 in Earth Magic
    93 | D        | Reached XP level 4. HP: 24/24 MP: 7/10
    99 | D        | Killed an ice beast
   100 | D        | Reached skill level 9 in Earth Magic
   100 | D        | Reached XP level 5. HP: 28/28 MP: 1/13
   122 | D        | Found a snail-covered altar of Cheibriados.
   122 | D        | Found a shadowy altar of Dithmenos.
   122 | D        | Found a white marble altar of Elyvilon.
   122 | D        | Found a blossoming altar of Fedhas.
   122 | D        | Found an opulent altar of Gozag.
   123 | D        | Found a hazy altar of Hepliaklqana.
   124 | D        | Found a viscous altar of Jiyva.
   125 | D        | Found an ancient bone altar of Kikubaaqudgha.
   126 | D        | Found a corrupted altar of Lugonu.
   127 | D        | Found a burning altar of Makhleb.
   128 | D        | Found a sparkling altar of Nemelex Xobeh.
   129 | D        | Found an iron altar of Okawaru.
   130 | D        | Found a stormy altar of Qazlal.
   131 | D        | Found a sacrificial altar of Ru.
   132 | D        | Found a shimmering blue altar of Sif Muna.
   137 | D        | Found a bloodstained altar of Trog.
   138 | D        | Found a hide-covered altar of Uskayaw.
   139 | D        | Found a radiant altar of Vehumet.
   140 | D        | Found an ornate altar of the Wu Jian Council.
   141 | D        | Found a shimmering altar of Xom.
   142 | D        | Found a basalt altar of Yredelemnul.
   143 | D        | Found a glowing silver altar of Zin.
   144 | D        | Found a glowing golden altar of the Shining One.
   147 | D        | Became a worshipper of Vehumet
   234 | D        | Noticed an acid dragon
   234 | D        | Noticed a centaur
   234 | D        | Noticed a troll
   234 | D        | Noticed a yak
   236 | D        | Killed a centaur
   237 | D        | Reached skill level 10 in Earth Magic
   237 | D        | Reached XP level 6. HP: 31/32 MP: 14/16
   237 | D        | Killed a yak
   238 | D        | Reached skill level 11 in Earth Magic
   238 | D        | Reached skill level 1 in Evocations
   238 | D        | Killed an unseen horror
   238 | D        | Reached * piety under Vehumet
   238 | D        | Offered knowledge of Freeze by Vehumet.
   238 | D        | Killed a troll
   239 | D        | Reached skill level 5 in Stealth
   239 | D        | Reached skill level 10 in Spellcasting
   239 | D        | Reached skill level 13 in Earth Magic
   239 | D        | Reached XP level 7. HP: 28/36 MP: 14/20
   239 | D        | Killed an unseen horror
   240 | D        | Reached skill level 14 in Earth Magic
   240 | D        | Reached XP level 8. HP: 33/41 MP: 13/22
   241 | D        | Reached ** piety under Vehumet
   296 | D        | Learned a level 2 spell: Passwall
   300 | D        | Learned a level 3 spell: Stone Arrow
   305 | D        | Learned a level 4 spell: Petrify
   312 | D        | Noticed a manticore
   312 | D        | Noticed a six-headed hydra
   312 | D        | Noticed a slime creature
   312 | D        | Noticed a vampire
   312 | D        | Noticed a deep elf pyromancer
   316 | D        | Reached skill level 5 in Dodging
   316 | D        | Killed a deep elf pyromancer
   317 | D        | Reached skill level 15 in Earth Magic
   317 | D        | Reached XP level 9. HP: 45/45 MP: 24/24
   320 | D        | Reached *** piety under Vehumet
   330 | D        | Killed a six-headed hydra
   331 | D        | Reached skill level 1 in Fighting
   331 | D        | Reached skill level 1 in Conjurations
   331 | D        | Reached skill level 16 in Earth Magic
   332 | D        | Killed a manticore
   333 | D        | Reached skill level 17 in Earth Magic
   547 | D        | Noticed a komodo dragon
   547 | D        | Noticed a black mamba
   547 | D        | Noticed a black mamba
   547 | D        | Noticed a cane toad
   549 | D        | Offered knowledge of Poisonous Vapours by Vehumet.
   549 | D        | Reached **** piety under Vehumet
   550 | D        | Noticed a komodo dragon
   551 | D        | Killed a cane toad
   552 | D        | Reached XP level 10. HP: 23/53 MP: 19/27
   553 | D        | HP: 2/53 [black mamba (8)]
   740 | D        | Killed a black mamba
   740 | D        | Reached ***** piety under Vehumet
   740 | D        | Offered knowledge of Dazzling Flash by Vehumet.
   747 | D        | Killed a black mamba
   748 | D        | Reached skill level 18 in Earth Magic
   748 | D        | Reached skill level 5 in Evocations
   970 | D        | Offered knowledge of Olgreb's Toxic Radiance by Vehumet.
   971 | D        | Reached skill level 5 in Conjurations
   999 | D        | Noticed a boulder beetle
   999 | D        | Noticed a cane toad
  1002 | D        | Killed a cane toad
  1007 | D        | Killed a boulder beetle
  1007 | D        | Reached ****** piety under Vehumet
  1012 | D        | Reached XP level 11. HP: 60/60 MP: 12/29
  1014 | D        | Reached skill level 19 in Earth Magic
  1221 | D        | Noticed a lindwurm
  1221 | D        | Noticed a lindwurm
  1221 | D        | Noticed a lindwurm
  1221 | D        | Noticed a lindwurm
  1224 | D        | Killed a lindwurm
  1224 | D        | Offered knowledge of Ignite Poison by Vehumet.
  1224 | D        | Killed a lindwurm
  1225 | D        | Reached skill level 15 in Spellcasting
  1229 | D        | Killed a lindwurm
  1232 | D        | Killed a lindwurm
  1414 | D        | Offered knowledge of Lee's Rapid Deconstruction by Vehumet.
  1422 | D        | Learned a level 5 spell: Lee's Rapid Deconstruction
  1473 | D        | Noticed an orc sorcerer
  1475 | D        | Offered knowledge of Sticky Flame by Vehumet.
  1476 | D        | Killed an orc sorcerer
  1477 | D        | Reached skill level 20 in Earth Magic
  1711 | D        | Offered knowledge of Spellforged Servitor by Vehumet.
  1848 | D        | Found Oxujaw's Armour Boutique.
  1848 | D        | Noticed an orc knight
  1848 | D        | Noticed an orc high priest
  1848 | D        | Noticed an orc knight
  1851 | D        | Killed an orc high priest
  1852 | D        | Killed an orc knight
  1853 | D        | Killed an orc knight
  1859 | D        | Noticed an orc knight
  1864 | D        | Killed an orc knight
  1865 | D        | Reached skill level 21 in Earth Magic
  1991 | D        | Noticed an orc high priest
  1993 | D        | Killed an orc high priest
  2002 | D        | Learned a level 7 spell: Spellforged Servitor
  2069 | D        | Noticed an orc high priest
  2072 | D        | Killed an orc high priest
  2072 | D        | Offered knowledge of Eringya's Noxious Bog by Vehumet.
  2073 | D        | Reached XP level 12. HP: 66/66 MP: 24/32
  2073 | D        | Noticed an orc high priest
  2074 | D        | Found Oric's Magic Scroll Shop.
  2077 | D        | Killed an orc high priest
  2094 | D        | Found Behotz's Assorted Antiques.
  2098 | D        | Found Leiri's Book Shop.
  2114 | D        | Bought the Textbook on Elliptic Evolution for 672 gold
                  | pieces
  2114 | D        | Bought a book of Weapons for 392 gold pieces
  2114 | D        | Bought a book of Vapours for 280 gold pieces
  2118 | D        | Learned a level 3 spell: Mephitic Cloud
  2120 | D        | Bought a lumpy purple potion for 18 gold pieces
  2120 | D        | Bought a scroll labelled SOETOE BOUJ for 21 gold pieces
  2122 | D        | Bought a scroll of fog for 48 gold pieces
  2122 | D        | Bought a scroll of identify for 24 gold pieces
  2122 | D        | Bought a scroll of brand weapon for 114 gold pieces
  2122 | D        | Bought a scroll of fog for 48 gold pieces
  2122 | D        | Bought a scroll of immolation for 48 gold pieces
  2126 | D        | Bought a scroll of amnesia for 48 gold pieces
  2126 | D        | Bought a scroll of amnesia for 48 gold pieces
  2193 | D        | Noticed Gastronok
  2199 | D        | Killed Gastronok
  2200 | D        | Reached skill level 22 in Earth Magic
  2435 | D        | Noticed a boulder beetle
  2435 | D        | Noticed a catoblepas
  2435 | D        | Noticed an ogre mage
  2438 | D        | Killed an ogre mage
  2439 | D        | Killed a catoblepas
  2444 | D        | Offered knowledge of Iron Shot by Vehumet.
  2451 | D        | Killed a boulder beetle
  2452 | D        | Reached skill level 23 in Earth Magic
  2654 | D        | Noticed a stone giant
  2661 | D        | Killed a stone giant
  2727 | D        | Noticed a stone giant
  2731 | D        | Hit by a large rock thrown by a stone giant

Illustrated notes

Levels and vault maps discovered:
D:        linesprint [early_d, line_temple, items_1, d_10, items_2, lair_1,
          lair_end, items_3, orc_1, orc_end, items_4, d_15, swamp_1, shoals_1,
          snake_1, spider_1, d_20, vaults_1, items_5, swamp_end, shoals_end,
          snake_end, spider_end, vaults_end, d_27, items_6, zot_1, zot_end,
          crypt_end, forest_end, elf_end, slime_end, tomb_end, abyss_end,
          pan_hell_end]

Skill      XL: |  1  2  3  4  5  6  7  8  9 10 11 12 |
---------------+-------------------------------------+-----
Earth Magic    | 6 7 9 10 13 14 15 17 18 21 23 | 23.4
Dodging        | 2 3 4 5 6 |  6.4
Spellcasting   | 4 6 7 10 11 13 14 16 18 | 18.7
Stealth        | 3 5 6 |  6.5
Evocations     | 1 2 3 4 5 6 |  6.8
Fighting       | 1 3 4 |  4.1
Conjurations   | 3 7 9 |  9.7
Transmutations | |  0.8

Action                   |  1- 3 |  4- 6 |  7- 9 | 10-12 || total
-------------------------+-------+-------+-------+-------++-------
Melee: Dire flail        |       |       |       |     1 ||     1
 Cast: Sandblast         |     9 |     8 |     3 |     7 ||    27
       Stone Arrow       |       |       |    13 |    54 ||    67
       Lee's Rapid Decon |       |       |       |    56 ||    56
Evoke: Wand              |       |     4 |     5 |     7 ||    16
       Condenser vane    |       |       |     1 |     6 ||     7
  Use: Potion            |     2 |       |       |     1 ||     3
       Scroll            |       |       |     1 |     5 ||     6
Armor: Robe              |       |     6 |     4 |     5 ||    15
Dodge: Dodged            |     1 |     1 |     8 |    14 ||    24

Table legend: (Time is in decaauts)
 A = Elapsed time spent in this place.
 B = Non-inter-level travel time spent in this place.
 C = Inter-level travel time spent in this place.
 D = Time resting spent in this place.
 E = Time spent auto-exploring this place.
 F = Levels seen in this place.
 G = Mean time per level.
                   A        B        C        D        E       F      G
               +--------+--------+--------+--------+--------+-----+--------+
         Total |   2724 |   2724 |      0 |   1120 |    822 |   1 | 2724.0 |
       Dungeon |   2724 |   2724 |      0 |   1120 |    822 |   1 | 2724.0 |
               +--------+--------+--------+--------+--------+-----+--------+

Top non-repeatable levels by time:
       D: 2724 daAuts
